 Dungeon Crawl Stone Soup version 0.19.1-1-g22dce08 (webtiles) character file.

24654 Gargoyl the Distorting Ghoul (level 13, -7/108 HPs)
             Began as a Ghoul Abyssal Knight on Jan 14, 2017.
             Was a Believer of Lugonu.
             Mangled by Snorg (20 damage)
             ... on level 5 of the Lair of Beasts.
             The game lasted 00:40:36 (16901 turns).

Gargoyl the Distorting Ghoul (GhAK)                Turns: 16901, Time: 00:40:37

Health: -7/108     AC: 24    Str: 19    XL:     13   Next: 14%
Magic:  13/20      EV:  7    Int:  7    God:    Lugonu [**....]
Gold:   771        SH: 13    Dex: 14    Spells: 0 memorised, 12 levels left

rFire  . . .     SeeInvis +     i - +2 trident (flame)
rCold  + + .     Gourm    .     r - +0 plate armour
rNeg   + + +     Faith    .     u - +1 buckler
rPois  ∞         Spirit   .     s - +1 helmet {SInv}
rElec  .         Reflect  +     m - +2 cloak
rCorr  .         Harm     .     d - +2 pair of gloves
MR     .....                    (no boots)
Stlth  ..........               g - +6 amulet of reflection
                                f - +4 ring of dexterity
                                B - ring of protection from cold

@: rotting
A: rotting body, claws 1, carnivore 3, cold resistance 1, negative energy
resistance 3, slow regeneration 1, torment resistance, unbreathing
a: Depart the Abyss, Bend Space, Renounce Religion


You were on level 5 of the Lair of Beasts.
You worshipped Lugonu.
Lugonu was pleased with you.
You were not hungry.

You visited 2 branches of the dungeon, and saw 14 of its levels.
You visited the Abyss 1 time.
You also visited: Ossuary and Ice Cave.

You collected 771 gold pieces.

Inventory:

Hand Weapons
 i - a +2 trident of flaming (weapon)
 x - a +1 hand axe of freezing
 E - a +0 war axe
 I - a +0 war axe
Missiles
 G - a javelin (quivered)
Armour
 d - a +2 pair of gloves (worn)
 m - a +2 cloak (worn)
 r - a +0 plate armour (worn)
 s - a +1 helmet of see invisible (worn)
 u - a +1 buckler (worn)
Jewellery
 f - a +4 ring of dexterity (right hand)
 g - a +6 amulet of reflection (around neck)
 v - an uncursed ring of protection from cold
 B - a ring of protection from cold (left hand)
 D - an uncursed amulet of regeneration
 N - an uncursed ring of protection from cold
Wands
 a - a wand of slowing (22/48)
 k - a wand of acid (0/15)
 o - a wand of teleportation (0/9)
Scrolls
 b - 3 scrolls of magic mapping
 l - 10 scrolls of remove curse
 q - 3 scrolls of fog
 R - a scroll of fear
Potions
 n - 2 potions of flight
 p - 2 potions of haste
 M - a potion of mutation
 S - a potion of heal wounds
 W - 2 potions of curing
Comestibles
 c - 8 meat rations
 h - 8 chunks of flesh
 j - 2 royal jellies
 C - 6 beef jerkies
 P - a slice of pizza


   Skills:
 + Level 8.4 Fighting
 + Level 10.1 Axes
 + Level 1.1(6.5) Polearms
 + Level 0.6 Throwing
 * Level 10.2 Armour
 + Level 2.3 Dodging
 + Level 8.4 Shields
 * Level 11.2 Invocations


You had 12 spell levels left.
You didn't know any spells.

Dungeon Overview and Level Annotations

Branches:
Dungeon (9/15)             Temple (0/1) D:5            Lair (5/6) D:8
 Shoals (0/4) Lair:3       Spider (0/4) Lair:3          Orc (0/2) D:9
  Slime: Lair:5-6

Altars:
Elyvilon
Fedhas
Gozag
Hepliaklqana
Makhleb
Nemelex Xobeh
Qazlal
Ru
Trog
Vehumet
Yredelemnul
The Shining One

Shops:
D:7 *

Annotations:
Lair:4 Rupert
Lair:5 Snorg
Abyss:1 Menkaure


Innate Abilities, Weirdness & Mutations

Your body is rotting away.
You thrive on raw meat.
You are immune to poison.
You have sharp fingernails.
You are carnivorous and can eat meat at any time.
Your flesh is cold resistant. (rC+)
You are immune to negative energy. (rN+++)
You regenerate slowly when monsters are visible.
You are immune to unholy pain and torment.
You can survive without breathing.


Message History

You closely miss Snorg.
Snorg is moderately wounded.
Snorg bites you but does no damage. Snorg barely misses you. Snorg claws you!
Snorg bites you.
* * * LOW HITPOINT WARNING * * *
You block Snorg's attack. x2
The spiny frog stings you but does no damage.
Drop what? 34/52 slots (_ for help) (? for menu, Esc to quit)
You drop a cursed ring of loudness.
Snorg barely misses you. Snorg claws you!
You stop dropping stuff.
* * * LOW HITPOINT WARNING * * *
Snorg claws you but does no damage. You block the spiny frog's attack.
Unknown command.
Okay, then.
Snorg bites you.
* * * LOW HITPOINT WARNING * * *
You block Snorg's attack. x2
Snorg rages.
The spiny frog stings the plant!
Snorg bites you!!
You die...

...≈.≈≈≈.≈.≈.≈...≈.♣
...≈.≈≈≈≈.≈.≈....≈.♣♣
...≈.≈.≈≈≈...≈.≈...#
##§..≈≈≈≈≈.≈.(...≈..
#P....≈.≈≈.≈..≈.≈♣
#......≈..≈.≈≈.≈.##
.#.....♣≈≈≈...♣...#
.#..###♣♣...♣♣...##
##..###......♣#P@.#
##.÷##..#...###TP###
###.#..#.##..# #F.#.#
##..##....##..##..=#
.....#.PP.#...#...........
.#.>.........###..#.##....
.###.#...##### ###### ..
....##P...# ..######..#


You could see Snorg (berserk) and a spiny frog.

Vanquished Creatures
  A hydra (Lair:5)
  An orb spider (Lair:3)
  5 black mambas
  3 elephants
  Maurice (D:8)
  An ice statue (IceCv)
  7 spiny frogs
  The ghost of fatfloppyjuicyveiny the Covert, a novice OpAs of Dithmenos (D:6)
  3 rime drakes
  3 komodo dragons
  A polar bear (Lair:5)
  Grinder (D:4)
  A hornet (D:9)
  The ghost of Execuda the Skirmisher, an amateur OpFi (D:5)
  2 hippogriffs
  Sigmund (D:5)
  A wyvern (D:8)
  23 yaks
  A fire elemental (Lair:2)
  A basilisk (Lair:3)
  Edmund (D:4)
  7 water moccasins
  6 porcupines
  3 orc warriors (D:9)
  2 sky beasts
  16 wolves
  A necrophage (D:9)
  8 ice beasts
  2 black bears
  3 phantoms
  2 ogres
  2 centaurs
  10 crocodiles
  Blork the orc (D:6)
  7 bullfrogs
  A water moccasin zombie (D:5)
  3 scorpions
  2 killer bees
  2 crimson imps (D:5)
  A centaur zombie (D:5)
  5 hounds
  2 bullfrog skeletons
  3 jellies
  A gnoll shaman (D:7)
  9 orc priests
  3 iguanas
  4 orc wizards
  6 worker ants
  2 killer bee zombies
  2 hound skeletons
  A worker ant zombie (D:6)
  6 gnolls (D:7)
  11 adders
  3 oozes
  An adder zombie (D:7)
  2 worms
  4 dart slugs
  7 leopard geckos
  26 orcs
  8 bats
  7 giant cockroaches
  8 hobgoblins
  16 jackals
  4 quokkas
  3 ball pythons
  6 frilled lizards
  3 gnoll skeletons (Ossuary)
  6 goblins
  4 kobolds
  6 kobold skeletons (Ossuary)
  A leopard gecko skeleton (D:5)
  A leopard gecko zombie (D:8)
  16 orc skeletons (Ossuary)
  2 quokka zombies (D:4)
  5 rats
  3 fungi
336 creatures vanquished.

Vanquished Creatures (others)
  5 hydras
  A cyclops (D:9)
  An ugly thing (IceCv)
  2 elephants (Lair:4)
  A spiny frog (Lair:1)
  A komodo dragon (Lair:1)
  A snapping turtle (Lair:3)
  A wraith (Ossuary)
  2 centaurs
  2 killer bees (D:5)
  A quasit (D:9)
  A worker ant (D:4)
  A mummy (Ossuary)
  13 fungi
  15 plants
48 creatures vanquished.

Grand Total: 384 creatures vanquished

Notes
Turn   | Place    | Note
-------+----------+-------------------------------------------
     0 | Abyss:1  | Gargoyl the Ghoul Abyssal Knight began the quest for the Orb.
     0 | Abyss:1  | Reached XP level 1. HP: 19/19 MP: 1/1
    49 | Abyss:1  | Noticed a wolf spider zombie
    53 | D:1      | Escaped the Abyss
   117 | D:1      | Reached XP level 2. HP: 23/26 MP: 2/2
   123 | D:1      | Reached * piety under Lugonu
   159 | D:1      | Reached skill level 1 in Dodging
   306 | D:1      | Reached XP level 3. HP: 31/31 MP: 3/3
   886 | D:2      | Reached skill level 3 in Invocations
  1197 | D:2      | Reached XP level 4. HP: 39/39 MP: 5/5
  1200 | D:2      | Reached ** piety under Lugonu
  1898 | D:3      | Found a burning altar of Makhleb.
  2610 | D:3      | Reached XP level 5. HP: 45/46 MP: 6/6
  2618 | D:3      | Found a sparkling altar of Nemelex Xobeh.
  2621 | D:3      | Reached *** piety under Lugonu
  2635 | D:3      | Found an opulent altar of Gozag.
  2891 | D:4      | Found a white marble altar of Elyvilon.
  3194 | D:4      | Found a sand-covered staircase.
  3243 | Ossuary  | Entered an ossuary
  3243 | Ossuary  | Noticed a wraith
  3243 | Ossuary  | Noticed a wraith
  3243 | Ossuary  | Noticed a wraith
  3629 | Ossuary  | Noticed a wraith
  3717 | Ossuary  | Banished a wraith
  3717 | Ossuary  | Reached skill level 1 in Shields
  3717 | Ossuary  | Reached XP level 6. HP: 7/50 MP: 7/7
  4395 | D:4      | Reached skill level 4 in Invocations
  4502 | D:4      | Found a faded altar of an unknown god.
  4502 | D:4      | Found a hazy altar of Hepliaklqana.
  4507 | D:4      | Found a faded altar of an unknown god.
  4509 | D:4      | Found a faded altar of an unknown god.
  4511 | D:4      | Found a faded altar of an unknown god.
  4587 | D:4      | Noticed Edmund
  4627 | D:4      | Killed Edmund
  4627 | D:4      | Reached XP level 7. HP: 48/59 MP: 9/9
  4739 | D:5      | Entered Level 5 of the Dungeon
  4749 | D:5      | Noticed Execuda's ghost (amateur OpFi)
  4761 | D:5      | Killed Execuda's ghost
  4922 | D:5      | Noticed Sigmund
  4963 | D:5      | Killed Sigmund
  4963 | D:5      | Reached XP level 8. HP: 20/67 MP: 10/10
  4999 | D:5      | Found a basalt altar of Yredelemnul.
  5041 | D:5      | Reached skill level 5 in Axes
  5133 | D:5      | Found a radiant altar of Vehumet.
  5133 | D:5      | Noticed Menkaure
  5137 | D:5      | Noticed Grinder
  5141 | D:5      | Banished Menkaure
  5154 | D:5      | Reached skill level 5 in Fighting
  5195 | D:5      | HP: 2/68 [killer bee (7)]
  5234 | D:6      | Reached skill level 5 in Invocations
  5250 | D:6      | Noticed fatfloppyjuicyveiny's ghost (novice OpAs)
  5280 | D:5      | Paralysed by Grinder for 5 turns
  5310 | D:4      | Killed Grinder
  5310 | D:4      | Reached skill level 5 in Armour
  5634 | D:5      | Reached XP level 9. HP: 68/74 MP: 12/12
  6029 | D:5      | Found a staircase to the Ecumenical Temple.
  6113 | D:6      | Killed fatfloppyjuicyveiny's ghost
  6113 | D:6      | Reached skill level 6 in Invocations
  6168 | D:6      | Noticed Blork the orc
  6191 | D:6      | Killed Blork the orc
  6191 | D:6      | Reached **** piety under Lugonu
  6567 | D:7      | Found a radiant altar of Vehumet.
  6774 | D:7      | Found Nopp's Assorted Antiques.
  6826 | D:7      | Found a sacrificial altar of Ru.
  7230 | D:8      | Found a stormy altar of Qazlal.
  7259 | D:8      | Found a staircase to the Lair.
  7304 | D:8      | Reached XP level 10. HP: 68/83 MP: 14/14
  7339 | D:8      | Reached skill level 5 in Shields
  7463 | D:8      | You fall through a shaft!
  7463 | D:9      | Found a bloodstained altar of Trog.
  7526 | D:9      | Noticed a cyclops
  7550 | D:9      | Banished a cyclops
  7550 | D:9      | Reached skill level 7 in Invocations
  8003 | D:9      | Found a staircase to the Orcish Mines.
  8174 | D:8      | Found a blossoming altar of Fedhas.
  8381 | D:8      | Noticed Maurice
  8421 | D:8      | Killed Maurice
  8436 | D:8      | Found a glowing golden altar of the Shining One.
  9123 | Lair:1   | Entered Level 1 of the Lair of Beasts
  9123 | Lair:1   | Noticed a spiny frog
  9136 | Lair:1   | Killed a spiny frog
  9136 | Lair:1   | Reached skill level 8 in Invocations
  9203 | Lair:1   | Reached XP level 11. HP: 66/91 MP: 16/16
  9257 | Lair:1   | Found a frozen archway.
  9271 | IceCv    | Entered an ice cave
  9344 | IceCv    | Noticed a white ugly thing
  9353 | IceCv    | Banished a white ugly thing
  9800 | IceCv    | Noticed a white ugly thing
  9801 | IceCv    | HP: 1/92 [ice statue/shard of ice (18)]
 10582 | Lair:1   | Noticed a five-headed hydra
 10583 | Lair:1   | Banished a five-headed hydra
 10923 | Lair:1   | Reached skill level 9 in Invocations
 11829 | Lair:2   | Noticed a four-headed hydra
 11830 | Lair:2   | Banished a four-headed hydra
 12072 | Lair:2   | HP: 3/92 [yak (11)]
 12607 | Lair:3   | Reached XP level 12. HP: 63/101 MP: 18/18
 12681 | Lair:3   | Noticed a five-headed hydra
 12682 | Lair:3   | Banished a five-headed hydra
 12948 | Lair:3   | Reached skill level 10 in Invocations
 13114 | Lair:3   | Found a hole to the Spider Nest.
 13283 | Lair:3   | Found a staircase to the Shoals.
 14168 | Lair:4   | Noticed an eight-headed hydra
 14168 | Lair:4   | Banished an eight-headed hydra
 14776 | Lair:4   | Noticed Rupert
 15193 | Lair:4   | Paralysed by Rupert for 7 turns
 15698 | Lair:5   | Noticed a death yak
 15700 | Lair:5   | Noticed a death yak
 15702 | Lair:5   | Noticed a death yak
 15814 | Lair:5   | Noticed a five-headed hydra
 16168 | Lair:5   | Reached skill level 10 in Armour
 16334 | Lair:5   | Noticed a seven-headed hydra
 16334 | Lair:5   | Banished a seven-headed hydra
 16334 | Lair:5   | Reached skill level 10 in Axes
 16407 | Lair:5   | Killed a five-headed hydra
 16407 | Lair:5   | Reached XP level 13. HP: 36/108 MP: 20/20
 16460 | Lair:5   | Reached skill level 1 in Polearms
 16481 | Lair:5   | Reached skill level 11 in Invocations
 16887 | Lair:5   | Noticed Snorg
 16901 | Lair:5   | Mangled by Snorg

Skill      XL: |  1  2  3  4  5  6  7  8  9 10 11 12 13 |
---------------+----------------------------------------+-----
Axes           | 2 3 4 5 6 8 9 10 | 10.1
Dodging        | 1 2 |  2.3
Armour         | 2 3 4 5 6 7 9 10 | 10.2
Invocations    | 3 4 5 6 8 9 10 11 | 11.2
Fighting       | 4 5 6 7 8 |  8.4
Shields        | 1 2 3 4 6 8 |  8.4
Polearms       | 1 |  1.1
Throwing       | |  0.6

Action                   |  1- 3 |  4- 6 |  7- 9 | 10-12 | 13-15 || total
-------------------------+-------+-------+-------+-------+-------++-------
Melee: Hand axe          |   107 |   344 |   492 |  1346 |   106 ||  2395
       War axe           |       |       |       |    69 |    24 ||    93
       Trident           |       |       |       |    50 |     7 ||    57
Throw: Tomahawk          |       |       |     2 |     3 |       ||     5
       Javelin           |       |       |       |    10 |       ||    10
Invok: Depart the Abyss  |     1 |       |       |       |       ||     1
       Banish            |       |     3 |     4 |    30 |     3 ||    40
       Bend Space        |       |       |       |     1 |       ||     1
Evoke: Wand              |       |       |       |    11 |       ||    11
  Use: Scroll            |     1 |     2 |    19 |    14 |     1 ||    37
       Potion            |       |     5 |     5 |     9 |       ||    19
  Eat: Chunk             |    16 |    19 |    39 |   150 |    16 ||   240
       Meat ration       |       |       |       |     2 |       ||     2
Armor: Leather armour    |    46 |    27 |       |       |       ||    73
       Ring mail         |       |    37 |       |       |       ||    37
       Plate armour      |       |    85 |   254 |   740 |    85 ||  1164
Dodge: Dodged            |    70 |   122 |    99 |   356 |    51 ||   698
Block: Buckler           |       |   120 |   313 |   859 |   106 ||  1398
       Reflection        |       |       |     7 |     6 |       ||    13
